Map: Acropolis LE

Players

Chavi - Winner!

  • Race: Zerg Zerg
  • League: Platinum
  • Spawn Location: 11:00

Woah

  • Race: Terran Terran
  • League: Platinum
  • Spawn Location: 5:00

VOD

Have the link to the VOD?

Description

Time

  • Played on: June 10, 2019, 10:30 a.m.
  • Length: 16:28
Show
View Real Time Build Order
Export as new Build Order

Chavi Zerg - Winner!

Build Orders: Pool First 

Get SALT Encoding   

  12  0:04  Drone  
  13  0:08  Drone  
  14  0:24  Overlord  
  14  0:35  Spawning Pool  
  13  0:37  Drone  
  13  0:42  Extractor  
  13  0:52  Drone x3  
  16  1:03  Extractor  
  15  1:06  Drone  
  16  1:25  Hatchery  
  15  1:28  Drone  
  16  1:35  Drone  
  16  1:37  Drone  
  18  1:50  Queen  
  20  1:54  Drone  
  20  1:59  Drone  
  22  2:05  Metabolic Boost  
  22  2:11  Overlord  
  22  2:26  Lair  
  22  2:32  Drone x2  
  24  2:38  Queen  
  24  2:40  Drone  
  24  2:43  Drone  
  28  2:52  Drone x2  
  30  3:02  Drone x4  
  34  3:10  Drone x2  
  36  3:20  Overlord  
  36  3:38  Queen  
  36  3:40  Zergling x12  
  44  3:44  Overlord x2  
  44  3:56  Drone, Spire  
  44  4:05  Drone x4  
  48  4:15  Extractor  
  47  4:18  Extractor  
  46  4:29  Drone  
  46  4:30  Drone x3  
  50  4:36  Queen x2  
  50  4:37  Overlord x4  
  54  4:44  Drone x3  
  57  5:02  Hatchery  
  56  5:12  Mutalisk x3  
  56  5:13  Mutalisk  
  64  5:32  Mutalisk x3  
  64  5:33  Mutalisk x2  
  42  5:55  Mutalisk x3  
  38  6:13  Mutalisk  
  40  6:25  Drone x5  
  41  6:26  Drone  
  41  6:30  Queen x2  
  50  6:37  Zerg Flyer Weapons Level 1  
  50  6:41  Drone  
  50  6:42  Drone  
  52  6:49  Drone x2  
  52  6:50  Drone  
  55  7:08  Infestation Pit  
  55  7:13  Roach Warren  
  54  7:22  Drone  
  54  7:23  Drone x7  
  54  7:24  Drone x3  
  64  7:33  Drone x4  
  68  7:48  Evolution Chamber  
  68  7:49  Evolution Chamber  
  66  7:54  Roach  
  66  7:55  Roach x4  
  66  7:57  Roach  
  78  8:10  Glial Reconstitution  
  78  8:13  Drone x2  
  78  8:14  Drone x3  
  78  8:17  Drone  
  78  8:18  Drone  
  78  8:19  Drone  
  86  8:22  Drone x3  
  86  8:24  Roach  
  86  8:25  Roach x3  
  97  8:42  Overlord x5  
  97  8:43  Overlord  
  97  8:47  Zerg Flyer Armor Level 1  
  97  8:51  Overseer x2  
  97  8:55  Extractor, Drone  
  97  8:56  Extractor  
  97  9:01  Zerg Missile Weapons Level 1  
  97  9:02  Zerg Ground Armor Level 1  
  96  9:05  Pneumatized Carapace, Hive  
  96  9:09  Drone x3  
  99  9:10  Drone x3  
  102  9:25  Corruptor x2  
  106  9:31  Extractor  
  106  9:33  Hatchery  
  106  9:36  Extractor  
  103  9:43  Corruptor x4  
  111  9:46  Overlord  
  111  10:02  Drone  
  111  10:03  Drone x13  
  125  10:09  Queen  
  125  10:10  Queen  
  125  10:12  Overlord  
  129  10:15  Overlord  
  129  10:17  Overlord  
  129  10:34  Roach x4  
  129  10:35  Roach x4  
  145  10:52  Mutalisk x7  
  145  10:53  Mutalisk  
  154  12:07  Greater Spire  
  154  12:11  Spire  
  154  12:12  Zerg Ground Armor Level 2, Zerg Melee Weapons Level 1  
  154  12:13  Roach  
  154  12:14  Roach x11  
  177  12:21  Hatchery  
  152  12:45  Viper  
  152  12:46  Roach  
  152  12:47  Mutalisk x3  
  152  12:48  Mutalisk  
  163  13:04  Corruptor x3  
  169  13:23  Zerg Flyer Weapons Level 2  
  169  13:24  Zerg Flyer Armor Level 2  
  169  13:29  Zergling x2  
  169  13:31  Overlord x3  
  169  13:32  Overlord x6  
  170  13:39  Overlord x3  
  170  13:52  Brood Lord x3  
  170  13:53  Brood Lord  
  170  13:55  Zergling x20  
  188  14:07  Zerg Melee Weapons Level 2  
  180  14:45  Roach x7  
  183  14:46  Roach x7  
  183  14:50  Brood Lord x2  
  183  14:51  Zergling x2  
  147  15:26  Mutalisk x4  
  147  15:27  Mutalisk  
  149  15:28  Zergling x2  
  149  15:29  Zergling x6  
  147  15:54  Zergling x2  
  147  15:55  Zergling x6  
Show
View Real Time Build Order
Export as new Build Order

Woah Terran 

Build Orders:  

Get SALT Encoding   

  12  0:01  SCV  
  13  0:16  Supply Depot  
  13  0:22  SCV  
  14  0:34  SCV  
  15  0:39  Barracks  
  15  0:42  Refinery  
  15  0:46  SCV  
  16  0:58  Barracks  
  16  1:01  SCV  
  17  1:13  SCV  
  18  1:28  Orbital Command  
  18  1:30  Supply Depot  
  18  1:39  Barracks Reactor  
  18  1:42  Refinery  
  18  1:47  Marine  
  18  1:53  SCV  
  20  2:01  Supply Depot  
  20  2:06  SCV  
  20  2:07  Barracks Tech Lab  
  21  2:16  Marine x2  
  21  2:22  SCV  
  24  2:28  Factory  
  24  2:34  SCV  
  25  2:43  Combat Shield  
  25  2:45  Marine  
  25  2:46  SCV  
  25  2:48  Marine  
  25  2:49  Marine  
  30  3:24  Marine  
  30  3:28  Hellion x2  
  30  3:33  Armory, SCV  
  35  3:36  Starport, Marine  
  36  3:45  SCV  
  37  3:49  Supply Depot  
  37  3:50  Hellion  
  39  3:56  Hellion  
  39  3:59  SCV  
  42  4:05  Stimpack  
  42  4:11  SCV  
  42  4:14  Medivac  
  45  4:22  Hellion  
  47  4:27  Hellion  
  48  5:40  Barracks x3  
  43  5:46  Marine x2  
  43  5:50  Viking  
  43  5:52  Command Center  
  43  5:53  Engineering Bay  
  34  6:27  Widow Mine x2  
  34  6:31  Marine x3  
  34  6:32  Marine x2  
  39  6:37  Missile Turret  
  39  6:39  Missile Turret  
  39  6:49  Marine x4  
  42  7:11  Widow Mine x2  
  46  7:22  Starport Reactor  
  46  7:23  Marine  
  46  7:24  Barracks Tech Lab  
  46  7:27  Barracks Reactor  
  47  7:40  Barracks Reactor  
  47  7:56  Missile Turret  
  47  8:06  Marauder x2, Marine x3  
  47  8:12  SCV  
  55  8:16  SCV  
  56  8:21  Medivac  
  56  8:24  SCV, Marine x3  
  62  8:27  Marine  
  63  8:50  Concussive Shells  
  63  8:51  Orbital Command  
  63  8:59  Medivac, Command Center  
  65  9:14  Medivac, Marine x3  
  70  9:29  Supply Depot  
  70  9:32  Supply Depot  
  70  9:48  Terran Infantry Weapons Level 1  
  70  9:50  SCV, Siege Tank, Marine  
  75  9:52  Engineering Bay  
  75  9:54  Marine x4  
  75  9:55  Marine  
  75  9:57  Marine  
  75  9:59  Barracks Tech Lab  
  81  10:24  SCV  
  82  10:42  Terran Infantry Armor Level 1  
  81  10:44  Armory  
  81  10:47  Marine  
  81  10:48  Marauder x2, Marine x5  
  84  10:56  Viking  
  86  11:01  Starport  
  86  11:03  SCV  
  86  11:04  SCV, Refinery  
  88  11:05  Marine  
  88  11:06  Marine x3  
  92  11:16  SCV  
  84  11:54  Marauder, Marine x6  
  87  11:57  Thor  
  87  11:59  Medivac  
  87  12:00  SCV  
  101  12:06  Orbital Command  
  101  12:13  Starport Reactor  
  99  12:16  SCV x2  
  101  12:28  SCV x2  
  53  12:39  Marine  
  53  12:40  Marauder, SCV x2, Siege Tank, Marine x5  
  53  12:41  Marine  
  65  12:52  SCV  
  65  12:53  SCV, Supply Depot  
  65  12:54  Supply Depot  
  65  12:55  Barracks  
  67  13:00  Marauder  
  67  13:01  Marine  
  67  13:04  Marine x2  
  72  13:10  Bunker  
  72  13:11  Liberator  
  72  13:14  SCV  
  72  13:15  Liberator, Refinery  
  72  13:17  Refinery  
  73  13:20  Marine  
  73  13:21  Marine x2  
  73  13:22  Marauder  
  73  13:23  Marine  
  73  13:24  Marine  
  86  13:35  SCV  
  86  13:41  Terran Infantry Weapons Level 2  
  87  13:45  Terran Infantry Armor Level 2  
  87  13:49  Medivac  
  87  13:51  Marine  
  87  13:52  Marine  
  72  14:56  Marauder, Marine  
  72  14:57  Marine x3  
  72  14:58  Viking x3  
  63  15:22  Marine  
  63  15:25  Orbital Command, Marine  
  60  15:32  Viking  
Tags
 
Matchup
TvZ
Opening
Pool First
Replay Pack
r1
Spawn Locations
Cross Positions
Add a new tag
Caveats
  • Supply blocks, unpowered buildings, or Contaminate may cause inaccurate times.
  • Supply counts are checked every 10 seconds.